 Dungeon Crawl Stone Soup version 0.29-a0-813-g4a14ea37d6 (webtiles) character file.

Game seed: 10429086132315906927

633723 frimble the Slayer (level 26, 258/258 HPs)
             Began as a Minotaur Monk on July 5, 2022.
             Was the Champion of Cheibriados.
             Got out of the dungeon
             ... with 4 runes!
             The game lasted 01:47:21 (60009 turns).

frimble the Slayer (Minotaur Monk)                 Turns: 60009, Time: 01:47:22

Health: 258/258    AC: 28    Str: 37    XL:     26   Next: 86%
Magic:  37/37      EV: 23    Int: 32    God:    Cheibriados [******]
Gold:   7947       SH: 23    Dex: 26    Spells: 23/47 levels left

rFire   + + .      SeeInvis +   D - +6 demon trident of the Endless Leylines {elec, rElec rCorr Str-3 Int+5}
rCold   + + +      Faith    .   u - +5 kite shield of Inviolability {rC+ Regen+ rCorr Dex-2}
rNeg    + + +      Spirit   .   X - +2 chain mail of the Nightingale {rElec Will+ Regen+ Stlth-}
rPois   +          Reflect  .   I - +1 hat of Circular Logic {rN++ Will+ SInv}
rElec   +          Harm     +   o - +2 cloak "Mussoito" {rPois Regen+ Stlth+}
rCorr   +          Rampage  .   m - +2 pair of gloves
Will    ++++.      Rage     3%  M - +2 pair of boots
Stlth   +.........              x - amulet of Ixepisay {Harm rN+ Regen+ Slay+5 Stlth+}
HPRegen 3.73/turn               W - ring of the Scarab {rPois rF+ rC+ SInv}
MPRegen 0.25/turn               k - ring "Veceidgh" {rF+ rC+ Will+ rCorr SInv}

@: very slow
A: horns 2, retaliatory headbutt, iridescent scales 1, see invisible, berserk 1,
cold resistance 1, poison resistance, strong 1
}: 4/15 runes: decaying, slimy, silver, gossamer
a: Renounce Religion, Bend Time, Temporal Distortion, Slouch, Step From Time


You escaped.
You worshipped Cheibriados.
Cheibriados was exalted by your worship.
You visited 12 branches of the dungeon, and saw 57 of its levels.
You also visited: Trove, Ossuary, Gauntlet and Desolation.

You collected 7995 gold pieces.
You spent 48 gold pieces at shops.

Inventory:

Hand Weapons
 D - the +6 demon trident of the Endless Leylines (weapon) {elec, rElec rCorr Str-3 Int+5}
   (You took it off a minotaur in a Gauntlet)

   It occasionally discharges a powerful burst of electricity upon striking a
   foe.
   Str:       It affects your strength (-3).
   Int:       It affects your intelligence (+5).
   rElec:     It insulates you from electricity.
   rCorr:     It protects you from acid and corrosion.
Missiles
 w - 29 javelins
 B - 27 curare-tipped darts
 C - 5 throwing nets
 O - 20 silver javelins (quivered)
Armour
 m - a +2 pair of gloves (worn)
 n - the +2 cloak "Forget-Me-Not" {Will+ Str+9 Int+3}
   (Okawaru gifted it to you on level 3 of the Vaults)

   Str:       It affects your strength (+9).
   Int:       It affects your intelligence (+3).
   Will:      It increases your willpower.
 o - the +2 cloak "Mussoito" (worn) {rPois Regen+ Stlth+}
   (You found it on level 1 of the Elven Halls)

   rPois:     It protects you from poison.
   Regen:     It increases your rate of health regeneration.
   Stlth:     It makes you more stealthy.
 u - the +5 kite shield of Inviolability (worn) {rC+ Regen+ rCorr Dex-2}
   (You acquired it in an ossuary)

   Dex:       It affects your dexterity (-2).
   rC:        It protects you from cold.
   Regen:     It increases your rate of health regeneration.
   rCorr:     It protects you from acid and corrosion.
 I - the +1 hat of Circular Logic (worn) {rN++ Will+ SInv}
   (Okawaru gifted it to you on level 6 of the Lair of Beasts)

   rN:        It greatly protects you from negative energy.
   SInv:      It lets you see invisible.
   Will:      It increases your willpower.
 J - the +3 hat of Pondering {ponderous, Will+ MP+10 Int+5}
   (You found it in the Desolation of Salt)

   Int:       It affects your intelligence (+5).
   MP:        It affects your magic capacity (+10).
   Will:      It increases your willpower.
 M - a +2 pair of boots (worn)
 X - the +2 chain mail of the Nightingale (worn) {rElec Will+ Regen+ Stlth-}
   (You found it on level 2 of the Vaults)

   rElec:     It insulates you from electricity.
   Regen:     It increases your rate of health regeneration.
   Will:      It increases your willpower.
   Stlth:     It makes you less stealthy.
Jewellery
 k - the ring "Veceidgh" (right hand) {rF+ rC+ Will+ rCorr SInv}
   (You acquired it on level 3 of the Lair of Beasts)

   [ring of resist corrosion]

   rF:        It protects you from fire.
   rC:        It protects you from cold.
   SInv:      It lets you see invisible.
   rCorr:     It protects you from acid and corrosion.
   Will:      It increases your willpower.
 x - the amulet of Ixepisay (around neck) {Harm rN+ Regen+ Slay+5 Stlth+}
   (You acquired it on level 2 of the Vaults)

   [amulet of regeneration]

   Slay:      It affects your accuracy & damage with ranged weapons and melee
   (+5).
   rN:        It protects you from negative energy.
   Regen:     It increases your rate of health regeneration.
   Harm:      It increases damage dealt and taken.
   Stlth:     It makes you more stealthy.
 H - a +4 ring of slaying
 P - a +4 ring of slaying
 Q - a ring of resist corrosion
 W - the ring of the Scarab (left hand) {rPois rF+ rC+ SInv}
   (You found it on level 12 of the Dungeon)

   [ring of see invisible]

   rF:        It protects you from fire.
   rC:        It protects you from cold.
   rPois:     It protects you from poison.
   SInv:      It lets you see invisible.
Wands
 a - a wand of paralysis (39)
 s - a wand of iceblast (52)
 E - a wand of quicksilver (26)
 K - a wand of flame (128)
 Y - a wand of digging (2)
Scrolls
 i - 7 scrolls of fear
 l - 21 scrolls of teleportation
 v - 2 scrolls of enchant armour
 y - 3 scrolls of brand weapon
 A - 8 scrolls of vulnerability
 L - 11 scrolls of fog
 N - 4 scrolls of blinking
 R - 7 scrolls of enchant weapon
 S - 4 scrolls of magic mapping
 U - 3 scrolls of immolation
 V - 5 scrolls of amnesia
 Z - a scroll of silence
Potions
 c - 4 potions of ambrosia
 d - 4 potions of resistance
 f - 15 potions of brilliance
 g - 9 potions of magic
 h - 8 potions of heal wounds
 j - 27 potions of curing
 p - 6 potions of lignification
 q - 16 potions of flight
 r - 15 potions of might
 t - 7 potions of cancellation
 z - 10 potions of haste
 G - 9 potions of mutation
 T - a potion of berserk rage
Miscellaneous
 b - a condenser vane (inert)
 e - a tin of tremorstones (2/2)


   Skills:
 + Level 25.2 Fighting
 - Level 14.6 Polearms
 - Level 13.4 Throwing
 - Level 14.0 Armour
 - Level 16.4 Dodging
 - Level 1.6 Stealth
 - Level 20.0 Shields
 - Level 11.0 Spellcasting
 * Level 8.8 Conjurations
 - Level 0.5 Necromancy
 + Level 4.7 Translocations
 - Level 17.0 Transmutations
 - Level 14.0 Earth Magic
 - Level 15.2 Invocations
 - Level 8.5 Evocations


You had 23 spell levels left.
You knew the following spells:

 Your Spells              Type           Power      Damage    Failure   Level
a - Passwall              Tmut/Erth      71%        N/A       1%          2
b - Statue Form           Tmut/Erth      57%        N/A       2%          6
c - Necromutation         Tmut/Necr      32%        N/A       100%        8
d - Apportation           Tloc           94%        N/A       1%          1
e - Irradiate             Conj/Tmut      39%        3d26      1%          5
f - Blink                 Tloc           94%        N/A       2%          2

Your spell library contained the following spells:

 Spells                   Type           Power      Damage    Failure   Level
 Beastly Appendage        Tmut           100%       N/A       0%          1
 Wereblood                Tmut           90%        N/A       0%          2
 Foxfire                  Conj/Fire      100%       2x1d9     1%          1
 Magic Dart               Conj           100%       1d8       1%          1
 Sandblast                Erth           100%       2d20      1%          1
 Shock                    Conj/Air       100%       1d9       1%          1
 Sting                    Tmut/Pois      100%       1d8       1%          1
 Searing Ray              Conj           100%       2d8       1%          2
 Spider Form              Tmut/Pois      64%        N/A       1%          3
 Stone Arrow              Conj/Erth      100%       3d13      1%          3
 Petrify                  Tmut/Erth      86%        N/A       1%          4
 Blade Hands              Tmut           45%        N/A       1%          5
 Lee's Rapid Deconstruct  Erth           41%        3d21*     1%          5
 Static Discharge         Conj/Air       45%        3-9/arc   2%          2
 Ignite Poison            Fire/Tmut/Pois 52%        N/A       3%          3
 Ice Form                 Ice/Tmut       64%        N/A       3%          4
 Conjure Flame            Conj/Fire      45%        6-21      4%          3
 Dazzling Flash           Conj/Hex       90%        N/A       4%          3
 Lesser Beckoning         Tloc           47%        N/A       4%          3
 Leda's Liquefaction      Hex/Erth       29%        N/A       6%          4
 Iskenderun's Battlesphe  Conj           65%        2d11      8%          5
 Alistair's Intoxication  Tmut/Pois      42%        N/A       9%          5
 Yara's Violent Unravell  Hex/Tmut       32%        3d13      9%          5
 Mephitic Cloud           Conj/Pois/Air  36%        N/A       10%         3
 Freeze                   Ice            68%        1d8       11%         1
 Slow                     Hex            68%        N/A       11%         1
 Portal Projectile        Hex/Tloc       64%        N/A       12%         3
 Sublimation of Blood     Necr           21%        N/A       13%         2
 Borgnjor's Vile Clutch   Necr/Erth      29%        N/A       14%         5
 Ensorcelled Hibernation  Hex/Ice        34%        N/A       16%         2
 Poisonous Vapours        Pois/Air       34%        N/A       16%         2
 Flame Wave               Conj/Fire      45%        2d10      17%         4
 Fulminant Prism          Conj/Hex       22%        3d13      17%         4
 Sticky Flame             Conj/Fire      45%        2d6       17%         4
 Vampiric Draining        Necr           21%        2d7       26%         3
 Call Canine Familiar     Summ           17%        N/A       30%         3
 Confusing Touch          Hex            17%        N/A       30%         3
 Inner Flame              Hex/Fire       17%        N/A       30%         3
 Ozocubu's Armour         Ice            17%        N/A       30%         3
 Summon Guardian Golem    Hex/Summ       17%        N/A       30%         3
 Swiftness                Air            17%        N/A       30%         3
 Manifold Assault         Tloc           47%        N/A       38%         5
 Fireball                 Conj/Fire      22%        3d10      43%         5
 Lightning Bolt           Conj/Air       22%        1d38      43%         5
 Eringya's Noxious Bog    Tmut/Pois      32%        N/A       43%         6
 Animate Dead             Necr           21%        N/A       63%         4
 Dispel Undead            Necr           21%        3d11      63%         4
 Freezing Cloud           Conj/Ice/Air   18%        6-21      65%         5
 Anguish                  Hex/Necr       9%         N/A       67%         4
 Corpse Rot               Necr/Pois/Air  18%        N/A       67%         4
 Airstrike                Air            8%         0-4+      71%         4
 Cause Fear               Hex            8%         N/A       71%         4
 Summon Lightning Spire   Summ/Air       17%        N/A       71%         4
 Summon Forest            Summ/Tloc      16%        N/A       73%         5
 Agony                    Necr           21%        N/A       93%         5
 Dispersal                Tloc           23%        N/A       93%         6
 Orb of Destruction       Conj           32%        9d10      93%         7
 Conjure Ball Lightning   Conj/Air       22%        3x3d6     95%         6
 Storm Form               Tmut/Air       32%        N/A       95%         7
 Metabolic Englaciation   Hex/Ice        8%         N/A       96%         5
 Silence                  Hex/Air        8%         N/A       96%         5
 Summon Mana Viper        Hex/Summ       17%        N/A       96%         5
 Lehudib's Crystal Spear  Conj/Erth      37%        10d9      99%         8
 Death Channel            Necr           10%        N/A       100%        6
 Simulacrum               Ice/Necr       9%         N/A       100%        6
 Summon Cactus Giant      Summ           8%         N/A       100%        6
 Enfeeble                 Hex            8%         N/A       100%        7
 Haunt                    Necr/Summ      9%         N/A       100%        7
 Malign Gateway           Summ/Tloc      16%        N/A       100%        7
 Ozocubu's Refrigeration  Ice            8%         4d6       100%        7
 Spellforged Servitor     Conj/Summ      22%        N/A       100%        7
 Summon Hydra             Summ           8%         N/A       100%        7
 Borgnjor's Revivificati  Necr           10%        N/A       100%        8
 Discord                  Hex            8%         N/A       100%        8
 Disjunction              Tloc           23%        N/A       100%        8
 Infestation              Necr           10%        N/A       100%        8
 Chain Lightning          Conj/Air       22%        3d30      100%        9
 Death's Door             Necr           10%        N/A       100%        9
 Fire Storm               Conj/Fire      22%        8d6       100%        9
 Polar Vortex             Ice            8%         N/A       100%        9
 Shatter                  Erth           41%        3d32*     100%        9


Dungeon Overview and Level Annotations

Branches:
Dungeon (15/15)            Temple (1/1) D:7            Lair (6/6) D:10
  Swamp (4/4) Lair:3       Spider (4/4) Lair:2        Slime (5/5) Lair:5
    Orc (2/2) D:11            Elf (3/3) Orc:2        Vaults (5/5) D:14
  Crypt (3/3) Vaults:3       Tomb (0/3) Crypt:3      Depths (4/4) D:15
    Zot (5/5) Depths:4    Ossuary (visited)         Desolation (visited)
Gauntlet (visited)

Altars:
Ashenzari
Cheibriados
Dithmenos
Elyvilon
Fedhas
Gozag
Hepliaklqana
Kikubaaqudgha
Makhleb
Nemelex Xobeh
Okawaru
Qazlal
Ru
Sif Muna
Trog
Uskayaw
Vehumet
Wu Jian
Xom
Yredelemnul
Zin
The Shining One
Jiyva

Shops:
D:1 *   D:4 *   D:5 *   Orc:2 :*([[   Elf:1 [   Vaults:4 *   Depths:1 *[

Portals:
Hell: Depths:1 Depths:2 Depths:3 Depths:4
Abyss: Depths:1 Depths:3
Pandemonium: Depths:2
Ziggurat: Depths:2

Annotations:
Elf:2 3 runed translucent doors


Innate Abilities, Weirdness & Mutations

You have a pair of horns on your head.
You reflexively headbutt those who attack you in melee.
You are partially covered in iridescent scales. (AC +2)
You have supernaturally acute eyesight. (SInv)
You sometimes lose your temper in combat.
Your flesh is cold resistant. (rC+)
Your system is resistant to poisons. (rPois)
Your muscles are strong. (Str +4, Int/Dex -1)


Message History

(H) Hell (Z) Zot
Where to? (Enter - D:4, ? - help)
There is a stone staircase leading up here.
You climb upwards.
There is a stone staircase leading down here.
(D) Dungeon (T) Temple (L) Lair (S) Swamp (N) Spider Nest (M) Slime Pits (O) Orcish Mines (E) Elven Halls (V) Vaults (C) Crypt (W) Tomb (U) Depths (H) Hell (Z) Zot
Where to? (Enter - D:3, ? - help)
There is a stone staircase leading up here.
You climb upwards.
There is a stone staircase leading down here.
(D) Dungeon (T) Temple (L) Lair (S) Swamp (N) Spider Nest (M) Slime Pits (O) Orcish Mines (E) Elven Halls (V) Vaults (C) Crypt (W) Tomb (U) Depths (H) Hell (Z) Zot
Where to? (Enter - D:2, ? - help)
There is an escape hatch in the ceiling here.
You see here a +0 club.
There is a stone staircase leading up here.
You climb upwards.
There is a stone staircase leading down here.
(D) Dungeon (T) Temple (L) Lair (S) Swamp (N) Spider Nest (M) Slime Pits (O) Orcish Mines (E) Elven Halls (V) Vaults (C) Crypt (W) Tomb (U) Depths (H) Hell (Z) Zot
Where to? (Enter - D:1, ? - help)
Okay, then.
(D) Dungeon (T) Temple (L) Lair (S) Swamp (N) Spider Nest (M) Slime Pits (O) Orcish Mines (E) Elven Halls (V) Vaults (C) Crypt (W) Tomb (U) Depths (H) Hell (Z) Zot
Where to? (Enter - D:1, ? - help)
What level of the Dungeon? (default 1, ? - help)
There is a stone staircase leading down here.
There is a staircase leading out of the dungeon here.
Unknown command.
Are you sure you want to leave the Dungeon?
This will make you lose the game!
You have escaped!

#.#..###.# ## ###.....### #
###.......#### #
#..........#.## #
#.............##### #
##............#...# #
#[....≈≈≈.....###.# #
##...≈...≈....# #.# #
########..≈.@.≈...## #.# #
#....###..≈...≈..#.###.# #
#.####.....≈≈≈...###...######
#.# ##............#.......##
#.# #............####.###.##
#.# #.........(...#...##....
#.# ##.#.......#.####.##....
#.# ####.....#### #.##..##
#.# #.#...###..# #.....#


There were no monsters in sight!

Vanquished Creatures
  the Royal Jelly (Slime:5)
  A dread lich (Vaults:5)
  7 orbs of fire
  4 ancient liches
  9 Killer Klowns (Zot:5)
  3 curse toes
  4 golden dragons
  the Enchantress (Depths:1)
  A profane servitor (Crypt:3)
  3 bone dragons
  5 electric golems
  A Brimstone Fiend (Depths:3)
  17 tentacled monstrosities
  Rupert (Spider:1)
  24 Orb Guardians (Zot:5)
  Zenata (Vaults:1)
  11 deep elf blademasters
  8 liches
  7 quicksilver dragons
  7 deep elf master archers
  17 titans
  An Executioner (Depths:3)
  5 ancient champions
  10 acid blobs
  7 death cobs
  12 sphinxes
  Kirke (D:14)
  Frances (Swamp:1)
  The ghost of GraveyardiganJr the Martial Artist, an adept GnTm of Elyvilon (Swamp:1)
  10 shadow dragons
  A thorn hunter (Swamp:4)
  3 tengu reavers
  Donald (Vaults:1)
  11 storm dragons
  5 rockslimes
  6 draconian monks
  8 azure jellies
  22 fire giants
  2 revenants
  6 emperor scorpions
  The ghost of buhh the Martial Artist, an adept OpTm of Cheibriados (Swamp:1)
  15 vault wardens
  7 deep elf sorcerers
  A cacodemon (Depths:3)
  15 frost giants
  5 draconian knights
  3 orc warlords
  Aizul (Swamp:1)
  A balrug (Depths:1)
  Louise (Elf:1)
  7 draconian scorchers
  The ghost of attentat the Fighter, a journeyman DsIE of Vehumet (Swamp:1)
  4 ghost moths
  The ghost of Etewkasm the Grappler, a journeyman TrMo of Jiyva (Lair:5)
  The ghost of scionoferis the Nimble, a journeyman TeBr of Vehumet (Swamp:1)
  4 deep elf elementalists
  3 curse skulls
  6 draconian shifters
  6 ghouls
  21 ironbound preservers
  2 draconian stormcallers
  9 broodmothers
  19 stone giants
  5 spriggan defenders
  5 ironbound thunderhulks
  4 draconian annihilators
  6 quicksilver oozes
  12 very ugly things
  8 war gargoyles
  4 eleionomae
  8 green draconians
  14 deep elf demonologists
  5 entropy weavers
  8 spark wasps
  2 vampire knights
  A halazid warlock (Desolation)
  12 red draconians
  11 black draconians
  A minotaur (Gauntlet)
  15 yellow draconians
  5 purple draconians
  6 dire elephants
  7 deep elf annihilators
  7 bunyips
  3 green deaths (Depths:3)
  8 deep elf death magi
  16 white draconians
  13 crystal guardians
  2 eidola
  10 ettins
  2 fire dragons (Depths:2)
  16 yaktaur captains
  19 jiangshi
  The ghost of benadryl the Severer, a journeyman GrBe of Trog (Lair:3)
  Josephine (Spider:1)
  6 rakshasas
  8 great orbs of eyes
  31 vault guards
  2 shambling mangroves (Swamp:4)
  6 ragged hierophants (Desolation)
  7 deep elf high priests
  2 salamander tyrants (Depths:3)
  A fenstrider witch zombie (Crypt:1)
  5 servants of whispers (Desolation)
  A quicksilver dragon skeleton (Crypt:1)
  4 peacekeepers
  6 ice dragons
  6 spriggan air magi
  2 ogre magi
  4 radroaches
  Harold (D:9)
  30 hydras
  6 boulder beetles
  6 spriggan skeletons
  16 centaur warriors
  A ghost crab (Swamp:3)
  7 ironbound frosthearts
  2 fenstrider witch skeletons (Crypt:1)
  2 anacondas (shapeshifter)
  8 two-headed ogres
  5 death knights
  5 catoblepae
  A jorogumo (Spider:4)
  Erica (Lair:2)
  6 deep troll shamans
  6 alligators
  16 dancing weapons
  8 vampire magi
  3 tengu warriors
  8 death yaks
  2 orc high priests (Orc:2)
  3 soul eaters
  A hell hog (Depths:3)
  7 spriggan berserkers
  6 deep troll earth magi
  14 hell knights
  Nergalle (Lair:2)
  2 titan skeletons
  Sonja (Orc:2)
  2 salamander mystics (Depths:3)
  A sun demon (Depths:3)
  15 deep elf knights
  4 shadow wraiths (Crypt:3)
  2 sun moths (Spider:2)
  44 skeletal warriors
  13 iron trolls
  5 spriggan druids
  A golden dragon zombie (Crypt:2)
  6 pharaoh ants
  2 goliath frogs
  A sea snake (shapeshifter) (Vaults:5)
  10 swamp dragons
  An obsidian statue (Lair:6)
  A spectral anaconda (Lair:6)
  2 swamp dragons (shapeshifter) (Vaults:5)
  A glowing orange brain (Vaults:3)
  A storm dragon skeleton (Depths:1)
  52 deep trolls
  10 steelbarb worms
  5 orb spiders
  A bunyip skeleton (Crypt:1)
  6 lindwurms (Vaults:3)
  9 phantasmal warriors
  3 orange crystal statues
  An entropy weaver zombie (Crypt:1)
  32 deep elf pyromancers
  6 orc knights
  5 bog bodies
  18 deep elf archers
  5 flayed ghosts
  19 ironbound convokers
  13 wizards
  A lindwurm (shapeshifter) (Elf:1)
  24 deep elf zephyrmancers
  13 necromancers
  A wolf spider zombie (D:15)
  A mana viper (shapeshifter) (Vaults:3)
  3 shining eyes
  23 wolf spiders
  4 cyclopes
  2 fire giant zombies
  5 harpies (Vaults:1)
  8 manticores
  36 ugly things
  12 salamanders (Depths:3)
  4 orc sorcerers
  3 stone giant skeletons
  3 will-o-the-wisps
  20 elephants
  25 moths of wrath
  A fire giant skeleton (Depths:1)
  A rust devil (Gauntlet)
  6 guardian serpents
  5 black mambas
  21 vault sentinels
  3 gargoyles
  3 centaur skeletons
  A smoke demon (Depths:3)
  4 large abominations
  A minotaur zombie (Crypt:2)
  3 rime drakes
  An unseen horror (D:13)
  7 torpor snails
  4 dire elephant skeletons
  18 cane toads
  18 yaktaurs
  A komodo dragon (shapeshifter) (D:12)
  A hellion (Depths:3)
  11 komodo dragons
  An anaconda simulacrum (Crypt:2)
  A steelbarb worm zombie (Crypt:2)
  6 demonic crawlers
  3 tengu conjurers
  An alligator snapping turtle skeleton (Crypt:1)
  5 freezing wraiths
  6 trolls
  5 kobold demonologists
  3 meliai
  3 guardian mummies (Crypt:1)
  A harpy zombie (D:15)
  A red devil (Depths:2)
  6 tyrant leeches
  A spectral harpy (Crypt:3)
  17 hornets
  26 tarantellas
  2 raiju (Gauntlet)
  A shadow dragon simulacrum (Vaults:4)
  A deep troll zombie (Vaults:4)
  2 dream sheep (D:14)
  52 saltlings
  2 harpy skeletons (Crypt:1)
  60 slime creatures
  14 blink frogs
  5 centaur simulacra
  70 flying skulls
  A stone giant simulacrum (Crypt:2)
  A guardian serpent skeleton (Crypt:1)
  3 ettin skeletons (Crypt:1)
  26 culicivoras
  31 jumping spiders
  5 shadows
  A ynoxinul (Gauntlet)
  17 spriggans
  A dire elephant simulacrum (Lair:6)
  6 water elementals
  81 yaks
  66 redbacks
  A wyvern (shapeshifter) (Vaults:5)
  5 wyverns
  A fire dragon skeleton (Crypt:1)
  5 hogs (D:14)
  4 fire elementals
  6 basilisks
  14 wraiths
  2 humans (D:14)
  3 air elementals
  4 golden eyes (Slime:4)
  A steam dragon (shapeshifter) (Elf:1)
  A death yak simulacrum (Lair:6)
  11 vampire mosquitoes
  2 steam dragons
  6 wargs
  A wind drake skeleton (Crypt:2)
  4 acid dragons
  11 swamp worms
  A harpy simulacrum (Crypt:3)
  17 water moccasins
  Duvessa (D:7)
  A deep troll skeleton (Crypt:1)
  A cane toad skeleton (Crypt:2)
  A fire bat skeleton (Crypt:1)
  4 naga skeletons (Crypt:1)
  38 orc warriors
  An ice beast (D:7)
  9 swamp drakes
  An elephant zombie (Lair:6)
  2 sky beasts (D:7)
  A manticore zombie (Crypt:1)
  7 ogres
  A swamp dragon zombie (Crypt:1)
  8 boggarts
  10 centaurs
  10 wolves
  A centaur (shapeshifter) (Vaults:5)
  2 elephant skeletons (Lair:6)
  2 small abominations (Crypt:3)
  A shining eye zombie (Crypt:1)
  A phantom (D:4)
  10 kobold brigands
  7 bullfrogs
  7 elf zombies
  2 gnoll sergeants
  5 scorpions
  A cane toad simulacrum (Lair:6)
  An elf skeleton (D:4)
  A naga simulacrum (Crypt:2)
  13 necrophages
  4 earth elementals
  14 wights
  Dowan (D:7)
  A warg zombie (Crypt:2)
  3 elephant simulacra (Lair:6)
  5 killer bees
  9 howler monkeys
  A polar bear skeleton (Crypt:1)
  2 jellies
  A wyvern simulacrum (Gauntlet)
  6 centaur zombies
  10 hounds
  3 gnoll boudas (D:7)
  5 human zombies
  2 iron imps (Gauntlet)
  19 orc priests
  6 iguanas
  Terence (D:2)
  5 human skeletons
  A boggart zombie (D:15)
  34 orc wizards
  A scorpion zombie (Crypt:2)
  A hound skeleton (Crypt:2)
  9 mummies
  Robin (D:2)
  A howler monkey skeleton (Crypt:1)
  12 gnolls
  8 adders
  3 shadow imps
  3 white imps
  2 adder zombies (Ossuary)
  4 worms
  4 dart slugs
  128 orcs
  8 ball pythons
  10 endoplasms
  5 giant cockroaches
  16 goblins
  8 hobgoblins
  A jackal (D:2)
  5 quokkas
  2 bats (D:1)
  8 frilled lizards
  A giant cockroach zombie (Crypt:1)
  5 goblin zombies (Ossuary)
  3 hobgoblin zombies (Ossuary)
  26 kobolds
  2 kobold zombies (Ossuary)
  An orc skeleton (D:4)
  4 quokka zombies (Ossuary)
  6 rats
2683 creatures vanquished.

Vanquished Creatures (others)
  An Orb Guardian (Zot:5)
  A draconian knight (Zot:5)
  A draconian scorcher (Zot:2)
  A ghost moth (Spider:4)
  A draconian stormcaller (Zot:2)
  A white draconian (Zot:2)
  A purple draconian (Zot:4)
  A dire elephant (Lair:6)
  A deep elf knight (Crypt:3)
  A pharaoh ant (Spider:4)
  A spriggan druid (Swamp:4)
  A deep elf archer (Elf:1)
  A deep elf pyromancer (Elf:2)
  A flying skull (Crypt:1)
  A water elemental (Elf:1)
  A basilisk (D:12)
  A boggart (Vaults:3)
  A bush (Lair:3)
  4 demonic plants (Gauntlet)
  9 foxfires
  24 fungi
  53 plants
  22 withered plants (Lair:6)
130 creatures vanquished.

Grand Total: 2813 creatures vanquished

Notes
Turn   | Place    | Note
-------+----------+-------------------------------------------
     0 | D:1      | frimble the Minotaur Monk began the quest for the Orb.
     0 | D:1      | Reached XP level 1. HP: 19/19 MP: 0/0
   256 | D:1      | Reached XP level 2. HP: 27/27 MP: 1/1
   697 | D:1      | Found Duumaev's Assorted Antiques.
   703 | D:1      | Reached skill level 4 in Fighting
   739 | D:1      | Bought a scroll labelled COUGAH CUONN for 24 gold pieces
   739 | D:1      | Bought a scroll labelled MOONOD XAAHU for 24 gold pieces
  1067 | D:2      | Found a faded altar of an unknown god.
  1087 | D:2      | Reached skill level 1 in Throwing
  1159 | D:2      | Reached XP level 3. HP: 27/33 MP: 2/2
  1168 | D:2      | Learned a level 2 spell: Passwall
  1386 | D:2      | Noticed Robin
  1643 | D:2      | Noticed Terence
  1650 | D:2      | Killed Terence
  1651 | D:2      | Reached XP level 4. HP: 33/41 MP: 3/3
  1811 | D:2      | Killed Robin
  2154 | D:2      | Reached skill level 1 in Earth Magic
  2414 | D:3      | Reached skill level 1 in Transmutations
  2448 | D:3      | Reached XP level 5. HP: 47/47 MP: 4/4
  3108 | D:3      | Found a radiant altar of Vehumet.
  3166 | D:3      | Found a glowing golden altar of the Shining One.
  3288 | D:4      | Reached XP level 6. HP: 47/55 MP: 5/5
  3353 | D:4      | Found Gozag's Platinum Reserve.
  3369 | D:4      | Reached skill level 5 in Fighting
  3374 | D:4      | Reached skill level 5 in Polearms
  3542 | D:4      | Reached XP level 7. HP: 28/61 MP: 6/6
  3550 | D:4      | Found a sand-covered staircase.
  3566 | Ossuary  | Entered an ossuary
  4180 | Ossuary  | Identified a scroll of acquirement
  4181 | Ossuary  | Acquired the +5 kite shield of Inviolability {rC+ Regen+
                  | rCorr Dex-2}
  4272 | D:4      | Reached skill level 6 in Fighting
  4424 | D:4      | Found an opulent altar of Gozag.
  4702 | D:5      | Entered Level 5 of the Dungeon
  4702 | D:5      | Found Gigukh's Elemental Accessories.
  4715 | D:5      | Reached skill level 1 in Shields
  4715 | D:5      | Reached XP level 8. HP: 47/70 MP: 7/7
  6420 | D:6      | Reached skill level 5 in Throwing
  6638 | D:7      | Reached XP level 9. HP: 60/78 MP: 8/8
  6646 | D:7      | Noticed Dowan
  6650 | D:7      | Noticed Duvessa
  6675 | D:7      | Reached skill level 5 in Shields
  6676 | D:7      | Killed Duvessa
  6684 | D:7      | Killed Dowan
  7194 | D:7      | Found a staircase to the Ecumenical Temple.
  7200 | Temple   | Entered the Ecumenical Temple
  7463 | Temple   | Became a worshipper of Warmaster Okawaru
  7463 | Temple   | Reached * piety under Okawaru
  7463 | Temple   | Reached ** piety under Okawaru
  7515 | D:7      | Reached skill level 1 in Invocations
  7961 | D:7      | Reached *** piety under Okawaru
  7962 | D:7      | Noticed a two-headed ogre
  7972 | D:7      | Reached XP level 10. HP: 84/84 MP: 8/11
  7984 | D:7      | Killed a two-headed ogre
  7985 | D:7      | Reached skill level 10 in Polearms
  8037 | D:7      | Noticed a sixfirhy
  8114 | D:7      | Reached **** piety under Okawaru
  8115 | D:7      | Reached skill level 5 in Invocations
  8122 | D:7      | Noticed a manticore
  8134 | D:7      | Killed a manticore
  8135 | D:7      | Reached skill level 1 in Evocations
  8770 | D:8      | You fall into a shaft and drop 2 floors!
  8770 | D:10     | Entered Level 10 of the Dungeon
  8803 | D:10     | Noticed a gargoyle
  8876 | D:10     | Killed a gargoyle
  8876 | D:10     | Reached ***** piety under Okawaru
  8877 | D:10     | Reached XP level 11. HP: 83/91 MP: 14/14
  8931 | D:10     | Found a shadowy altar of Dithmenos.
  9289 | D:8      | Found a snail-covered altar of Cheibriados.
  9496 | D:8      | Noticed a two-headed ogre
  9516 | D:8      | Killed a two-headed ogre
  9517 | D:8      | Reached skill level 10 in Shields
 10034 | D:9      | Found a burning altar of Makhleb.
 10036 | D:9      | Found a hide-covered altar of Uskayaw.
 10193 | D:9      | Noticed Harold
 10220 | D:9      | Killed Harold
 10510 | D:9      | Found a white marble altar of Elyvilon.
 10864 | D:10     | Received a gift from Okawaru
 10955 | D:10     | Found an ancient bone altar of Kikubaaqudgha.
 11157 | D:10     | Found a portal to a secret trove of treasure.
 11437 | D:10     | Found a staircase to the Lair.
 11574 | D:11     | Noticed a two-headed ogre
 11589 | D:11     | Killed a two-headed ogre
 11591 | D:11     | Received a gift from Okawaru
 11603 | D:11     | Reached skill level 5 in Evocations
 11686 | D:11     | Identified the +4 plate armour "Inirebbi" {Int+3} (Okawaru
                  | gifted it to you on level 11 of the Dungeon)
 11686 | D:11     | Received a gift from Okawaru
 11786 | D:11     | Identified the +1 helmet of Liberty {rN+ Str+3}
 11966 | D:11     | Found a gate leading to a gauntlet.
 11981 | Gauntlet | Entered a Gauntlet
 11981 | Gauntlet | Found a transporter.
 11991 | Gauntlet | Found a transporter.
 12002 | Gauntlet | Found a transporter.
 12005 | Gauntlet | Found a transporter.
 12014 | Gauntlet | Found a transporter.
 12030 | Gauntlet | Found a transporter.
 12034 | Gauntlet | Noticed a fire crab
 12042 | Gauntlet | Found a transporter.
 12054 | Gauntlet | Found a transporter.
 12060 | Gauntlet | Found a transporter.
 12089 | Gauntlet | Found a transporter.
 12089 | Gauntlet | Found a transporter.
 12144 | Gauntlet | Found a transporter.
 12145 | Gauntlet | Found a transporter.
 12154 | Gauntlet | Found a transporter.
 12233 | Gauntlet | Reached XP level 12. HP: 97/97 MP: 13/16
 12455 | Gauntlet | Identified the amulet of Soirr {rElec Will++ Regen+ Str-3}
 12482 | Gauntlet | Identified the +6 demon trident of the Endless Leylines
                  | {elec, rElec rCorr Str-3 Int+5}
 12482 | Gauntlet | Noticed a minotaur
 12505 | Gauntlet | Killed a minotaur
 12517 | Gauntlet | Got the Codex of Battling and Misery
 12525 | Gauntlet | Got the Compendium of Transfiguration
 12629 | D:11     | Found a staircase to the Orcish Mines.
 13281 | Lair:1   | Entered Level 1 of the Lair of Beasts
 13425 | Lair:1   | Identified the +6 scale mail of the Comet {rPois Str+3}
 13508 | Lair:1   | Noticed a four-headed hydra
 13511 | Lair:1   | Killed a four-headed hydra
 13724 | Lair:1   | Identified the +1 leather armour "Tuwnopti" {Will+ Regen+}
 13992 | Lair:2   | Noticed Nergalle
 14011 | Lair:2   | Killed Nergalle
 14187 | Lair:2   | Received a gift from Okawaru
 14272 | Lair:2   | Reached skill level 5 in Transmutations
 14276 | Lair:2   | Noticed Erica
 14284 | Lair:2   | Killed Erica
 14307 | Lair:2   | Noticed a six-headed hydra
 14321 | Lair:2   | Killed a six-headed hydra
 14541 | Lair:2   | Found a hole to the Spider Nest.
 14585 | Lair:2   | Reached XP level 13. HP: 103/103 MP: 19/19
 14951 | Lair:3   | Found a runed translucent door.
 14992 | Lair:3   | Noticed benadryl's ghost (journeyman GrBe)
 15061 | Lair:3   | Identified the +8 plate armour of Morality {rElec rF++ rC-
                  | Regen+} (Okawaru gifted it to you on level 3 of the Lair of
                  | Beasts)
 15061 | Lair:3   | Received a gift from Okawaru
 15465 | Lair:3   | Reached skill level 1 in Armour
 15465 | Lair:3   | Reached skill level 10 in Invocations
 15483 | Lair:3   | Found a staircase to the Swamp.
 15886 | Lair:3   | Killed benadryl's ghost
 15900 | Lair:3   | Acquired the ring "Veceidgh" {rF+ rC+ Will+ rCorr SInv}
 15992 | Lair:4   | Reached skill level 5 in Dodging
 16017 | Lair:4   | You fall into a shaft and drop 2 floors!
 16017 | Lair:6   | Entered Level 6 of the Lair of Beasts
 16068 | Lair:6   | Noticed a dire elephant
 16068 | Lair:6   | Noticed a dire elephant
 16068 | Lair:6   | Noticed a dire elephant
 16068 | Lair:6   | Noticed a dire elephant
 16454 | Lair:6   | Reached XP level 14. HP: 102/111 MP: 20/20
 16534 | Lair:6   | Reached ****** piety under Okawaru
 16756 | Lair:6   | Reached skill level 7 in Fighting
 16853 | Lair:6   | Identified the ring of Hebacaow {Fly rN+ Int+9 Dex-3
                  | Slay-6}
 16944 | Lair:6   | Reached skill level 5 in Armour
 16984 | Lair:6   | Identified the +0 robe of Inference {+Inv rF+}
 17097 | Lair:6   | Received a gift from Okawaru
 17227 | Lair:6   | Identified the +1 hat of Circular Logic {rN++ Will+ SInv}
                  | (Okawaru gifted it to you on level 6 of the Lair of Beasts)
 17227 | Lair:6   | Received a gift from Okawaru
 17589 | Lair:5   | Reached skill level 8 in Fighting
 17724 | Lair:5   | Found a runed translucent gate.
 17724 | Lair:5   | Found a runed translucent gate.
 17724 | Lair:5   | Found a runed translucent gate.
 17726 | Lair:5   | Noticed Etewkasm's ghost (journeyman TrMo)
 18036 | Lair:5   | Found a viscous altar of Jiyva.
 18036 | Lair:5   | Found a staircase to the Slime Pits.
 18395 | Lair:5   | Killed Etewkasm's ghost
 18620 | Lair:4   | Received a gift from Okawaru
 19204 | D:12     | Reached XP level 15. HP: 119/123 MP: 22/22
 19434 | D:12     | Reached skill level 9 in Fighting
 19454 | D:12     | Identified the ring of Umodug {Ice rCorr Str+3 Slay-5}
 19457 | D:12     | Identified the ring of the Scarab {rPois rF+ rC+ SInv}
 19460 | D:12     | Found a runed translucent door.
 19461 | D:12     | Found a runed translucent door.
 19475 | D:12     | Identified the amulet "Caegijei" {Faith Str+6}
 19492 | D:12     | Identified the ring of Yqaxt {rC+ Will+}
 19667 | D:12     | Reached skill level 10 in Transmutations
 20071 | D:13     | Identified the +3 sling of an ossuary {flame, rF+ Str+4
                  | Int-4}
 20210 | D:13     | Reached skill level 15 in Shields
 20332 | D:13     | Identified the +2 chain mail of Pride {rPois rCorr Str+6
                  | Dex-2} (Okawaru gifted it to you on level 13 of the
                  | Dungeon)
 20332 | D:13     | Received a gift from Okawaru
 21199 | D:14     | Noticed Kirke
 21246 | D:14     | Killed Kirke
 21411 | D:14     | Found a gate to the Vaults.
 21665 | D:14     | Reached skill level 10 in Fighting
 21793 | D:15     | Entered Level 15 of the Dungeon
 21890 | D:15     | Received a gift from Okawaru
 21932 | D:15     | Found a basalt altar of Yredelemnul.
 22079 | D:15     | Identified the +0 cloak "Uceor" {rN+++ Will- Str+6 SInv}
                  | (Okawaru gifted it to you on level 15 of the Dungeon)
 22079 | D:15     | Received a gift from Okawaru
 22191 | D:15     | Reached XP level 16. HP: 127/135 MP: 23/23
 22639 | D:15     | Found a staircase to the Depths.
 22817 | Depths:1 | Entered Level 1 of the Depths
 23009 | Depths:1 | HP: 1/136 [rakshasa/+0 whip (15)]
 23011 | Arena    | Entered the Arena
 23108 | Depths:1 | Reached skill level 11 in Fighting
 23156 | Depths:1 | Found Ibreib's General Store.
 23164 | Depths:1 | Found Mailoky's Armour Shoppe.
 23274 | Depths:1 | Noticed the Enchantress
 23287 | Depths:1 | Reached skill level 10 in Dodging
 23390 | Depths:1 | Killed the Enchantress
 23390 | Depths:1 | Received a gift from Okawaru
 23439 | Depths:1 | Reached skill level 10 in Throwing
 23439 | Depths:1 | Reached skill level 10 in Armour
 23488 | Depths:1 | Received a gift from Okawaru
 23574 | Depths:1 | Noticed a lich
 23586 | Depths:1 | Killed a lich
 23616 | Depths:1 | Received a gift from Okawaru
 23616 | Depths:1 | Found the +2 ratskin cloak {*Rats rPois rN+ Str-1 Int-1
                  | Dex+1}
 23973 | Depths:1 | Noticed a lich
 23977 | Depths:1 | Killed a lich
 24298 | Depths:1 | Found a gateway to Hell.
 24343 | Depths:1 | Found a one-way gate to the infinite horrors of the Abyss.
 24650 | Orc:1    | Entered Level 1 of the Orcish Mines
 24697 | Orc:2    | Entered Level 2 of the Orcish Mines
 24889 | Orc:2    | Reached skill level 12 in Fighting
 24941 | Orc:2    | Found Ceuteij's Antique Armour Shoppe.
 25111 | Orc:2    | Found Wuejohy's Book Emporium.
 25154 | Orc:2    | Found Ytuxzizu's General Store.
 25211 | Orc:2    | Found a staircase to the Elven Halls.
 25247 | Orc:2    | Found Siwifrin's Antique Armour Emporium.
 25262 | Orc:2    | Found Ohummyr's Antique Weapon Emporium.
 25292 | Orc:2    | Noticed Sonja
 25295 | Orc:2    | Killed Sonja
 25695 | Orc:1    | Reached XP level 17. HP: 137/146 MP: 24/24
 25902 | Elf:1    | Entered Level 1 of the Elven Halls
 25929 | Elf:1    | Noticed Louise
 25949 | Elf:1    | Killed Louise
 25959 | Elf:1    | Found an ancient bone altar of Kikubaaqudgha.
 26129 | Elf:1    | Paralysed by an air elemental for 1 turns
 26245 | Elf:1    | Received a gift from Okawaru
 26304 | Elf:1    | Found Baofos's Armour Boutique.
 26415 | Elf:1    | Got the Cyclopedia of Battling
 26506 | Elf:1    | Identified the +2 cloak "Mussoito" {rPois Regen+ Stlth+}
 26614 | Elf:1    | Received a gift from Okawaru
 26759 | Elf:1    | Got Pyeluxov's Lectures on Shadows
 26937 | Elf:2    | Received a gift from Okawaru
 26941 | Elf:2    | Reached skill level 1 in Spellcasting
 26945 | Elf:2    | Reached skill level 13 in Fighting
 27033 | Elf:2    | Noticed an Ice Fiend
 27175 | Elf:2    | Received a gift from Okawaru
 27225 | Elf:2    | Received a gift from Okawaru
 27556 | Elf:2    | Found a runed translucent gate.
 27556 | Elf:2    | Found a runed translucent gate.
 27556 | Elf:2    | Found a runed translucent gate.
 27596 | Elf:3    | Entered Level 3 of the Elven Halls
 27823 | Elf:3    | Paralysed by an air elemental for 1 turns
 27944 | Elf:3    | Received a gift from Okawaru
 27953 | Elf:3    | Noticed a Tzitzimitl
 27963 | Elf:3    | Reached XP level 18. HP: 117/159 MP: 20/25
 27970 | Elf:3    | Received a gift from Okawaru
 28100 | Elf:3    | Received a gift from Okawaru
 28111 | Elf:3    | Received a gift from Okawaru
 28130 | Elf:3    | Identified the +2 hat of Lirizudu {Rampage rPois Int+3}
                  | (Okawaru gifted it to you on level 3 of the Elven Halls)
 28130 | Elf:3    | Received a gift from Okawaru
 28131 | Elf:3    | Reached skill level 14 in Fighting
 28181 | Elf:3    | Found the +7 great mace "Undeadhunter" {disrupt, rN+}
 28327 | Elf:3    | Identified the +10 quarterstaff of Neiweas {flame, +Blink
                  | rElec rF+ rC-}
 28343 | Elf:3    | Found the +7 Throatcutter {drain, coup de grace}
 28359 | Elf:3    | Identified the +7 halberd of the Twisting Firefly {venom,
                  | rF+ rC++}
 28390 | Elf:3    | Identified the +4 mace "Wieguryt" {vorpal, Will+}
 29052 | Spider:1 | Entered Level 1 of the Spider Nest
 29189 | Spider:1 | Identified the +6 hand axe of Insufficient Pleasure {venom,
                  | rPois rF++ rCorr Dex-2}
 29288 | Spider:1 | Noticed Rupert
 29302 | Spider:1 | Killed Rupert
 29673 | Spider:1 | Noticed Josephine
 29686 | Spider:1 | Killed Josephine
 30360 | Spider:2 | Received a gift from Okawaru
 31012 | Spider:2 | Reached skill level 15 in Fighting
 31315 | Spider:3 | Reached XP level 19. HP: 155/170 MP: 27/27
 31792 | Spider:3 | Received a gift from Okawaru
 31843 | Spider:3 | Reached skill level 5 in Spellcasting
 32489 | Spider:4 | Entered Level 4 of the Spider Nest
 32627 | Spider:4 | Received a gift from Okawaru
 33069 | Spider:4 | Received a gift from Okawaru
 33269 | Spider:4 | Got a gossamer rune of Zot
 33277 | Spider:4 | Identified the +2 hat of the Stone Wall {Dex+4}
 34280 | Orc:1    | Learned a level 6 spell: Statue Form
 34410 | Vaults:1 | Entered Level 1 of the Vaults
 34426 | Vaults:1 | Noticed Donald
 34437 | Vaults:1 | Killed Donald
 34437 | Vaults:1 | Received a gift from Okawaru
 34535 | Vaults:1 | Found a crumbling gateway.
 34552 | Desolati | Entered the Desolation of Salt
 34570 | Desolati | Received a gift from Okawaru
 34609 | Desolati | Reached skill level 16 in Fighting
 34735 | Arena    | Entered the Arena
 34910 | Desolati | Found the +4 Cigotuvi's embrace {rMiasma Drain rN+}
 34942 | Desolati | Identified the +5 scimitar "Lebathriq" {flame, Fragile
                  | rElec rN+ Int+2}
 34943 | Desolati | Identified the +5 dagger of Debt {elec, Dex+4}
 34984 | Desolati | Got Sif Muna's Parchment of Glacial Transformation
 35056 | Arena    | Entered the Arena
 35162 | Desolati | Found the +3 hat of Pondering {ponderous, Will+ MP+10
                  | Int+5}
 35185 | Desolati | Identified the amulet of Kengaor {Spirit Str+6}
 35249 | Desolati | Identified the +9 scimitar of Doraax {antimagic, Will++
                  | Stlth+}
 35251 | Desolati | Got Lehudib's Tractate on Combat Magic
 35259 | Desolati | Identified the +2 helmet of Defence {rPois Will- Dex+3}
 35766 | Vaults:1 | Got the Incunable of Charming Toxins
 35903 | Vaults:1 | Reached XP level 20. HP: 165/182 MP: 29/29
 36046 | Vaults:1 | Reached skill level 5 in Earth Magic
 36140 | Vaults:1 | Noticed Zenata
 36219 | Vaults:1 | Killed Zenata
 36997 | Vaults:2 | Received a gift from Okawaru
 37024 | Vaults:2 | Reached skill level 17 in Fighting
 37035 | Vaults:2 | HP: 1/179 [yaktaur captain/bolt (41)]
 37487 | Vaults:2 | Received a gift from Okawaru
 37819 | Vaults:2 | Received a gift from Okawaru
 37853 | Vaults:2 | Acquired the amulet of Ixepisay {Harm rN+ Regen+ Slay+5
                  | Stlth+}
 38326 | Vaults:2 | Identified the +2 chain mail of the Nightingale {rElec
                  | Will+ Regen+ Stlth-}
 38841 | Vaults:3 | Received a gift from Okawaru
 38955 | Vaults:3 | Received a gift from Okawaru
 39129 | Vaults:3 | Received a gift from Okawaru
 39164 | Vaults:3 | Reached skill level 18 in Fighting
 39168 | Vaults:3 | Received a gift from Okawaru
 39387 | Vaults:3 | Noticed an ancient lich
 39393 | Vaults:3 | Reached XP level 21. HP: 194/194 MP: 30/32
 39399 | Vaults:3 | Killed an ancient lich
 39419 | Vaults:3 | Identified the +2 cloak "Forget-Me-Not" {Will+ Str+9 Int+3}
                  | (Okawaru gifted it to you on level 3 of the Vaults)
 39419 | Vaults:3 | Received a gift from Okawaru
 39534 | Vaults:3 | Found a staircase to the Crypt.
 40206 | Vaults:4 | Found Fyri Tyo's General Store.
 41040 | Depths:2 | Found a one-way gateway to a ziggurat.
 41516 | Depths:2 | Found a shimmering blue altar of Sif Muna.
 41646 | Depths:2 | Received a gift from Okawaru
 41790 | Depths:2 | Found a one-way gate leading to the halls of Pandemonium.
 41905 | Depths:3 | Reached skill level 19 in Fighting
 41906 | Depths:3 | Identified the +1 ring mail of Tartarus {+Blink rC++}
                  | (Okawaru gifted it to you on level 3 of the Depths)
 41906 | Depths:3 | Received a gift from Okawaru
 42353 | Depths:3 | Reached XP level 22. HP: 170/206 MP: 34/34
 42451 | Depths:3 | Identified the +6 spear "Optodgh" {vorpal, rC++ Int-3}
 42489 | Depths:3 | Identified the +5 plate armour "Rauhobig" {Harm +Blink
                  | Str+5 Int-5}
 42492 | Depths:3 | Found a burning altar of Makhleb.
 42521 | Depths:3 | Identified the +9 falchion of Imminent Death {vorpal, rN++
                  | Int+3}
 42814 | Depths:3 | Found a bloodstained altar of Trog.
 43309 | Depths:4 | Entered Level 4 of the Depths
 43340 | Depths:4 | Received a gift from Okawaru
 43781 | Depths:4 | Reached skill level 20 in Fighting
 43861 | Depths:4 | Found a gate to the Realm of Zot.
 43861 | Depths:4 | Noticed a golden dragon
 43875 | Depths:4 | Killed a golden dragon
 43891 | Depths:4 | Identified the +6 spear "Cyisazit" {freeze, rF- rC+++ rN+
                  | Stlth+} (Okawaru gifted it to you on level 4 of the Depths)
 43891 | Depths:4 | Received a gift from Okawaru
 43971 | Depths:4 | Reached skill level 10 in Earth Magic
 44688 | Swamp:1  | Entered Level 1 of the Swamp
 44735 | Swamp:1  | Noticed Aizul
 44747 | Swamp:1  | Killed Aizul
 44770 | Swamp:1  | Reached skill level 10 in Spellcasting
 44795 | Swamp:1  | Noticed Frances
 44808 | Swamp:1  | Killed Frances
 44973 | Swamp:1  | Found a runed translucent gate.
 44973 | Swamp:1  | Found a runed translucent gate.
 44974 | Swamp:1  | Found a runed translucent gate.
 44983 | Swamp:1  | Noticed GraveyardiganJr's ghost (adept GnTm)
 44983 | Swamp:1  | Noticed scionoferis's ghost (journeyman TeBr)
 44985 | Swamp:1  | Noticed buhh's ghost (adept OpTm)
 44985 | Swamp:1  | Noticed attentat's ghost (journeyman DsIE)
 44998 | Swamp:1  | Killed buhh's ghost
 45002 | Swamp:1  | Killed GraveyardiganJr's ghost
 45006 | Swamp:1  | Killed scionoferis's ghost
 45014 | Swamp:1  | Killed attentat's ghost
 45355 | Swamp:2  | Received a gift from Okawaru
 46259 | Swamp:4  | Entered Level 4 of the Swamp
 46371 | Swamp:4  | Reached XP level 23. HP: 213/217 MP: 36/36
 46376 | Swamp:4  | Reached skill level 15 in Transmutations
 46639 | Swamp:4  | Got a decaying rune of Zot
 47066 | Slime:1  | Entered Level 1 of the Pits of Slime
 47191 | Slime:5  | Entered Level 5 of the Pits of Slime
 47230 | Slime:5  | Noticed the Royal Jelly
 47241 | Slime:5  | Killed the Royal Jelly
 47241 | Slime:5  | Received a gift from Okawaru
 47254 | Arena    | Entered the Arena
 47269 | Arena    | Entered the Arena
 47438 | Slime:5  | Found the +3 woodcutter's axe {vorpal}
 47477 | Slime:5  | Got a slimy rune of Zot
 47497 | Slime:5  | Reached skill level 21 in Fighting
 47526 | Slime:5  | Found the +5 sword of Power {vorpal}
 47535 | Slime:5  | Got the Compilation of Psychosis
 47555 | Slime:5  | Identified the +0 leather armour of Yllet {rF- rCorr Int+6
                  | Dex+2}
 47569 | Slime:5  | Got Icihaffe's Essays on Toxic Bedrock
 47615 | Slime:5  | Identified the +7 short sword "Rikel" {vorpal, Fragile
                  | rElec rF++ rC+}
 48106 | Vaults:5 | Entered Level 5 of the Vaults
 48197 | Vaults:5 | Received a gift from Okawaru
 48214 | Vaults:5 | Received a gift from Okawaru
 48291 | Vaults:5 | Received a gift from Okawaru
 48378 | Vaults:5 | Noticed a dread lich
 48396 | Vaults:5 | Killed a dread lich
 48396 | Vaults:5 | Received a gift from Okawaru
 48438 | Vaults:5 | Identified the +9 short sword of Reitas {venom, Dex+4}
 48544 | Vaults:5 | Gained mutation: Your spells are a little easier to cast,
                  | but a little less powerful. [a cacodemon]
 48673 | Vaults:5 | Reached XP level 24. HP: 176/229 MP: 33/37
 48692 | Arena    | Entered the Arena
 48740 | Vaults:5 | Received a gift from Okawaru
 48879 | Vaults:5 | Identified the +6 longbow "Minotaur's Regret" {vorpal,
                  | rElec Int+5}
 48883 | Vaults:5 | Got a silver rune of Zot
 49127 | Vaults:5 | Noticed an ancient lich
 49154 | Vaults:5 | Killed an ancient lich
 49472 | Vaults:5 | Identified the +1 pair of gloves "Zomnuehi" {Fly Str+6
                  | Dex-5}
 49801 | Vaults:2 | Learned a level 8 spell: Necromutation
 50078 | Zot:1    | Entered Level 1 of the Realm of Zot
 50276 | Zot:1    | Reached skill level 22 in Fighting
 50641 | Zot:1    | Noticed an orb of fire
 50668 | Zot:1    | Killed an orb of fire
 50725 | Zot:1    | Found a broken altar of Ashenzari.
 51010 | Arena    | Entered the Arena
 51041 | Arena    | Entered the Arena
 51105 | Arena    | Entered the Arena
 51396 | Zot:2    | Received a gift from Okawaru
 52238 | D:8      | Fell from the grace of Okawaru
 52238 | D:8      | Became a worshipper of Cheibriados the Contemplative
 52493 | Crypt:1  | Entered Level 1 of the Crypt
 52587 | Crypt:1  | Reached * piety under Cheibriados
 52751 | Crypt:1  | Reached ** piety under Cheibriados
 52754 | Crypt:1  | Identified the +4 quarterstaff of the Winnowing Gods {pain,
                  | Int-2 Dex+4}
 52900 | Crypt:1  | Reached *** piety under Cheibriados
 52994 | Crypt:1  | Got the Catalogue of Pestilent Permutations
 53444 | Crypt:1  | Reached **** piety under Cheibriados
 53491 | Crypt:1  | Identified the +2 robe "Ibeopo" {Int+4}
 53744 | Crypt:2  | Reached skill level 15 in Dodging
 53765 | Crypt:2  | Reached XP level 25. HP: 240/240 MP: 37/37
 53835 | Crypt:2  | Reached ***** piety under Cheibriados
 54283 | Crypt:2  | Reached skill level 23 in Fighting
 54336 | Crypt:3  | Entered Level 3 of the Crypt
 54518 | Crypt:3  | Found a basalt altar of Yredelemnul.
 54527 | Crypt:3  | Reached ****** piety under Cheibriados
 54907 | Crypt:3  | Identified the ring "Sopamp" {Fly rC+ rN+ Stlth-}
 54907 | Crypt:3  | Identified the ring "Fev Hulu" {rElec rN+ Dex+6 Stlth-}
 54907 | Crypt:3  | Identified the ring "Buraf" {Drain rN+ Will+ MP+9 Dex+3}
 54988 | Crypt:3  | Found a staircase to the Tomb.
 54993 | Crypt:3  | Found the +7 sceptre of Torment {pain, torment}
 55126 | Crypt:3  | Identified the +6 mace of the Scorching Gods {venom, Dex+3}
 55184 | Crypt:3  | Got the Folio of Unhallowed Rituals
 56537 | D:10     | You paid a toll of +3 shadow dragon scales to enter a
                  | treasure trove
 56538 | Trove    | Entered a treasure trove
 56547 | Trove    | Identified the ring "Duskilasa" {rC+ Will+ MP+9}
 56548 | Trove    | Identified the ring of Digudgh {Drain *Slow Int+10 Dex+6}
 56553 | Trove    | Identified the ring of Moodiness {rF+ Will+ rCorr Dex+2}
 56555 | Trove    | Identified the ring of Descent {rN+ SInv}
 56841 | Zot:3    | Noticed an orb of fire
 56841 | Zot:3    | Gained mutation: You sometimes lose your temper in combat.
                  | [an orb of fire]
 56842 | Zot:3    | Gained mutation: You have hidden genetic defects. [an orb
                  | of fire]
 56852 | Zot:3    | Killed an orb of fire
 56948 | Zot:3    | Reached skill level 15 in Invocations
 57075 | Zot:3    | Noticed an orb of fire
 57084 | Zot:3    | Killed an orb of fire
 57334 | Zot:3    | Was forgiven by Okawaru
 57373 | Zot:3    | Lost mutation: You sometimes lose your temper in combat.
                  | [potion of mutation]
 57373 | Zot:3    | Lost mutation: Your spells are a little easier to cast, but
                  | a little less powerful. [potion of mutation]
 57373 | Zot:3    | Lost mutation: You have hidden genetic defects. [potion of
                  | mutation]
 57373 | Zot:3    | Gained mutation: You are resistant to electric shocks.
                  | (rElec) [potion of mutation]
 57483 | Zot:4    | Learned a level 1 spell: Apportation
 57489 | Zot:4    | Learned a level 5 spell: Irradiate
 57579 | Zot:4    | Reached skill level 1 in Conjurations
 57857 | Zot:4    | Reached skill level 24 in Fighting
 58006 | Zot:4    | Reached XP level 26. HP: 243/254 MP: 0/37
 58405 | Zot:5    | Entered Level 5 of the Realm of Zot
 58732 | Zot:5    | Reached skill level 5 in Conjurations
 58807 | Zot:5    | Learned a level 2 spell: Blink
 58862 | Zot:5    | Noticed an ancient lich
 58869 | Zot:5    | Killed an ancient lich
 58915 | Zot:5    | Reached skill level 1 in Translocations
 59016 | Zot:5    | Noticed an orb of fire
 59020 | Zot:5    | Noticed an orb of fire
 59039 | Zot:5    | Gained mutation: You passively map a small area around you.
                  | [an orb of fire]
 59040 | Zot:5    | Gained mutation: You are clumsy. (Dex -2) [an orb of fire]
 59042 | Zot:5    | Gained mutation: You are partially covered in iridescent
                  | scales. (AC +2) [an orb of fire]
 59043 | Zot:5    | Gained mutation: Your body sometimes deteriorates upon
                  | taking damage. [an orb of fire]
 59044 | Zot:5    | Gained mutation: You occasionally lose the ability to read
                  | scrolls when taking damage. [an orb of fire]
 59045 | Zot:5    | Gained mutation: You are dopey. (Int -2) [an orb of fire]
 59046 | Zot:5    | Killed an orb of fire
 59049 | Zot:5    | Gained mutation: You do not regenerate when monsters are
                  | visible. [an orb of fire]
 59049 | Zot:5    | Gained mutation: You occasionally lose the ability to drink
                  | potions when taking damage. [an orb of fire]
 59052 | Zot:5    | Killed an orb of fire
 59186 | Zot:5    | Lost mutation: You are partially covered in iridescent
                  | scales. (AC +2) [potion of mutation]
 59186 | Zot:5    | Lost mutation: You passively map a small area around you.
                  | [potion of mutation]
 59186 | Zot:5    | Lost mutation: You occasionally lose the ability to read
                  | scrolls when taking damage. [potion of mutation]
 59186 | Zot:5    | Lost mutation: You are dopey. (Int -2) [potion of mutation]
 59187 | Zot:5    | Lost mutation: You are resistant to electric shocks.
                  | (rElec) [potion of mutation]
 59187 | Zot:5    | Lost mutation: You occasionally lose the ability to drink
                  | potions when taking damage. [potion of mutation]
 59187 | Zot:5    | Lost mutation: You do not regenerate when monsters are
                  | visible. [potion of mutation]
 59187 | Zot:5    | Lost mutation: You are clumsy. (Dex -2) [potion of
                  | mutation]
 59187 | Zot:5    | Gained mutation: Armour fits poorly on your strangely
                  | shaped body. [potion of mutation]
 59187 | Zot:5    | Gained mutation: You have supernaturally acute eyesight.
                  | (SInv) [potion of mutation]
 59286 | Zot:5    | Noticed an orb of fire
 59289 | Zot:5    | Noticed an orb of fire
 59292 | Zot:5    | Killed an orb of fire
 59294 | Zot:5    | Gained mutation: You are clumsy. (Dex -2) [an orb of fire]
 59294 | Zot:5    | Gained mutation: You are dopey. (Int -2) [an orb of fire]
 59295 | Zot:5    | Gained mutation: Your spells are a little easier to cast,
                  | but a little less powerful. [an orb of fire]
 59301 | Zot:5    | Gained mutation: You sometimes lose your temper in combat.
                  | [an orb of fire]
 59302 | Zot:5    | Gained mutation: You occasionally shout uncontrollably at
                  | your foes. [an orb of fire]
 59303 | Zot:5    | Killed an orb of fire
 59304 | Zot:5    | Reached skill level 25 in Fighting
 59352 | Zot:5    | Noticed an ancient lich
 59365 | Zot:5    | Killed an ancient lich
 59407 | Zot:5    | Lost mutation: Armour fits poorly on your strangely shaped
                  | body. [potion of mutation]
 59407 | Zot:5    | Lost mutation: Your spells are a little easier to cast, but
                  | a little less powerful. [potion of mutation]
 59407 | Zot:5    | Lost mutation: You are dopey. (Int -2) [potion of mutation]
 59407 | Zot:5    | Gained mutation: Your magical capacity is low. (-10% MP)
                  | [potion of mutation]
 59407 | Zot:5    | Gained mutation: You are partially covered in iridescent
                  | scales. (AC +2) [potion of mutation]
 59407 | Zot:5    | Gained mutation: Your system is resistant to poisons.
                  | (rPois) [potion of mutation]
 59408 | Zot:5    | Lost mutation: Your magical capacity is low. (-10% MP)
                  | [potion of mutation]
 59408 | Zot:5    | Lost mutation: Your body sometimes deteriorates upon taking
                  | damage. [potion of mutation]
 59408 | Zot:5    | Lost mutation: You occasionally shout uncontrollably at
                  | your foes. [potion of mutation]
 59408 | Zot:5    | Lost mutation: You are clumsy. (Dex -2) [potion of
                  | mutation]
 59408 | Zot:5    | Gained mutation: Your flesh is cold resistant. (rC+)
                  | [potion of mutation]
 59408 | Zot:5    | Gained mutation: Your muscles are strong. (Str +4, Int/Dex
                  | -1) [potion of mutation]
 60009 | D:$      | Got out of the dungeon!

Illustrated notes

Levels and vault maps discovered:
D:1:      enne_arrival_octagon_isle, layout_loops_ring, serial_shops,
          nicolae_shop_trees
D:2:      layout_rooms, hellmonk_ecumenical_altar_pennies_from_heaven,
          kennysheep_generic_room_15, uniq_terence, uniq_robin
D:3:      layout_loops_ring, tso_oasis_becter, mainiacjoe_overflow_alcove_1,
          grunt_decor_clamped, amcnicky_mini_corridor_feature
D:4:      layout_rooms, nicolae_gozag_zags_fifth_avenue,
          nicolae_ossuary_entry_catacombs, nicolae_figureground_sparkle
D:5:      layout_loops_ring, chequers_serial_rivers_large_b,
          nicolae_elemental_shop
D:6:      layout_loops_ring
D:7:      nzn_winding_woodlands_stair_cross [nzn_winding_woodlands_5x15_default,
          nzn_winding_woodlands_center_garden,
          nzn_winding_woodlands_5x15_river_crossing,
          nzn_winding_woodlands_5x5_checkerboard,
          nzn_winding_woodlands_5x5_perimeter,
          nzn_winding_woodlands_5x15_split_checker,
          nzn_winding_woodlands_center_pierced_h,
          nzn_winding_woodlands_5x15_twine], layout_cave_pools,
          minmay_temple_entry_steel_oval, minmay_crossroads, uniq_duvessa
D:8:      layout_basic, slow_altar_1
D:9:      layout_cave_pods, elyvilon_altar_1,
          chequers_temple_overflow_statue_of_worship,
          ebering_dispersal_statue_hall, uniq_harold
D:10:     layout_basic, overflow_temple_1_default,
          nicolae_dithmenos_shadow_blocks, erik_lair_dragon, enter_trove_1
D:11:     layout_grid_maze, erik_orc_4, gauntlet_entry_generic
D:12:     minmay_the_grid_triangle_9x9_rhombus_full_mashed
          [minmay_the_grid_triangle_9x9_cache,
          minmay_the_grid_triangle_9x9_tough_junction,
          minmay_the_grid_triangle_9x9_zippers_horizontal,
          minmay_the_grid_triangle_9x9_descending_squares,
          minmay_the_grid_triangle_9x9_negative_grid,
          minmay_the_grid_triangle_9x9_flanged_cone,
          minmay_the_grid_triangle_9x9_wacky_v,
          minmay_the_grid_triangle_9x9_prize_special], layout_cross, hive_lemuel
D:13:     layout_basic, minmay_misc_feat_five
D:14:     layout_roguey, skrybe_vaults_entry_preservation, nicolae_water_bricks,
          st_stairs_2, hangedman_ranch, uniq_kirke
D:15:     grunt_enter_depths_magical_seal, layout_long_grid,
          yredelemnul_altar_generic
Temple:   nicolae_temple_bog_church
Lair:1:   layout_roguey, st_stairs_12
Lair:2:   layout_gridlike, nicolae_spider_entry_tight_spaces,
          grunt_megastairs_2, uniq_erica, uniq_nergalle
Lair:3:   layout_loops_ring, palyth_hydra_swamp_entry,
          hellmonk_ghost_happy_afterlife, serial_forest,
          infiniplex_forest_end_1, infiniplex_forest_lined_3,
          infiniplex_forest_lined_ring, infiniplex_forest_lined_ring,
          infiniplex_forest_straight_3, infiniplex_forest_side_room,
          infiniplex_forest_lined_room_2, infiniplex_forest_end_1,
          infiniplex_forest_clump_tiny, nicolae_quartered_pool_super,
          dreamdust_mushroom_princess
Lair:4:   layout_hall_layers, grunt_megastairs_4
Lair:5:   layout_regular_city, dpeg_slime_entry_enclosed,
          ebering_ghost_rock_garden
Lair:6:   due_jungle_book, layout_regular_city
Swamp:1:  layout_falls_marsh, gammafunk_ghost_cemetery,
          evilmike_swamp_ruin_house_3, uniq_aizul, uniq_frances
Swamp:2:  nicolae_swamp_decorative_isthmus, layout_falls_marsh,
          evilmike_swamp_ruin_wall, swamp_pool5, nicolae_swamp_bean_lake
Swamp:3:  layout_basic_swamp, nicolae_swamp_little_tower
Swamp:4:  swamp, layout_basic_swamp, nicolae_swamp_rocky_clearing
Spider:1: layout_chambers, uniq_josephine, uniq_rupert
Spider:2: nicolae_spider_mines_3, nicolae_spider_bug_shape
Spider:3: layout_chambers
Spider:4: hellmonk_spider_rune_endless_swarm
Slime:1:  layout_caves
Slime:2:  layout_caves
Slime:3:  layout_caves
Slime:4:  layout_caves
Slime:5
Orc:1:    layout_diamond_mine, nicolae_orc_lost_temple
Orc:2:    grunt_orc_cross, layout_caves, serial_shops,
          nicolae_shop_overgrown_old_shop, nicolae_orc_bridge_out, mines2_david,
          uniq_sonja
Elf:1:    nicolae_elf_arrival_fired_up, layout_gridlike, basic_altar,
          serial_shops, nicolae_diamond_shop, minmay_elf_annihilation,
          minmay_elf_necromancy, uniq_louise
Elf:2:    nicolae_elf_blades_crystal_corner, layout_gridlike, minivault_16
Elf:3:    minmay_elf_hall_statues, layout_geoelf_octagon, serial_glass,
          glass_columns_b, glass_columns_a, glass_columns_a
Vaults:1: portal_desolation_entry_salt, nicolae_vaults_network_quinsquares
          [nicolae_vaults_network_quincunx_subvault,
          nicolae_vaults_network_quincunx_subvault,
          nicolae_vaults_network_quincunx_subvault,
          nicolae_vaults_network_quincunx_subvault],
          nicolae_vaults_network_star, hangedman_vaults_cutoff,
          nicolae_vaults_yaktaur_gun_rack, v_alt_pattern_1,
          vaults_standard_mumra_enter_the_diamond,
          vaults_room_grunt_arrival_ludios, layout_vaults_chaotic_city,
          uniq_zenata, uniq_donald
Vaults:2: v_misc_10, nicolae_vaults_little_squares_5, hangedman_vaults_unwind,
          hangedman_vaults_hat, ontoclasm_vaults_gateway, hangedman_vaults_trim,
          nicolae_vaults_twisting_passages, v_misc_32,
          ontoclasm_vaults_ring_large, nicolae_vaults_angled_halls,
          nicolae_vaults_little_squares_1, nicolae_vaults_rhombus_5,
          layout_vaults_big_cross
Vaults:3: vaults_mumra_chevron_long, nicolae_vaults_little_squares_1,
          vaults_room_large_hall, v_misc_29,
          vaults_standard_mumra_enter_the_diamond,
          minmay_crypt_entry_simple_round, st_star, v_misc_17, v_misc_23,
          v_pattern_3, vaults_mumra_minichess_inversion,
          nicolae_vaults_windows_and_doors_thing, v_alt_pattern_6,
          vaults_dpeg_encased_lava, vaults_room_pool, layout_vaults_omnibox
Vaults:4: nicolae_vaults_network_periphery, v_pattern_2,
          nicolae_vaults_little_squares_3, ontoclasm_vaults_spin,
          vaults_room_pools, ontoclasm_vaults_misaligned,
          hangedman_vaults_capsules, hangedman_vaults_nails,
          nicolae_vaults_mini_display_case, layout_vaults_quadrants,
          serial_shops, shop_fountains
Vaults:5
Crypt:1:  minmay_skeleton_keep, layout_chaotic_city,
          grunt_crypt_arrival_guarded_gate
Crypt:2:  layout_basic
Crypt:3:  grunt_crypt_end_deaths_head
Depths:1: layout_honeycomb, corexii_corridor_pit, hangedman_geh_valley,
          abyss_entry, chequers_jeans, hex_medium, kennysheep_generic_room_11,
          minmay_shop_star, uniq_enchantress
Depths:2: minmay_crystal_thing, layout_cave_pools, enter_ziggurat_f,
          grunt_pan_entry_in_and_out, hell_entry, serial_sigils_hangedman_snap
Depths:3: evilmike_makhleb_hellhole, layout_cave_pools, hellmouth_1,
          nicolae_figureground_pulse, abyss_entry, evilmike_spriggan_trog_shrine
Depths:4: grunt_twist_and_shout, layout_honeycomb, dk_noncrumbling_2,
          hell_entry, serial_bayou_shore_a
Zot:1:    kennysheep_six_static_rooms, layout_twisted_circle, basic_altar
Zot:2:    layout_onion
Zot:3:    layout_onion, skrybe_zot_glass_1
Zot:4:    layout_twisted_circle
Zot:5:    layout_misc_corridors

Skill      XL: |  1  2  3  4  5  6  7  8  9 10 11 12 13 14 15 16 17 18 19 20 21 22 23 24 25 26 |
---------------+-------------------------------------------------------------------------------+-----
Fighting       | 4 5 6 8 10 12 13 15 16 18 19 20 21 22 24 25 | 25.2
Polearms       | 4 5 6 7 9 11 12 13 14 | 14.6
Throwing       | 1 2 3 5 6 7 9 10 11 12 13 | 13.4
Earth Magic    | 1 2 3 4 7 9 10 11 13 14 | 14.0
Transmutations | 1 2 3 5 7 9 11 12 13 14 15 16 17 | 17.0
Shields        | 1 4 7 9 11 12 13 14 15 16 17 18 19 20 | 20.0
Invocations    | 3 6 7 9 10 11 12 13 14 15 | 15.2
Evocations     | 2 5 7 8 |  8.5
Dodging        | 5 7 9 10 11 13 15 16 | 16.4
Armour         | 4 6 8 10 12 14 | 14.0
Spellcasting   | 2 4 6 8 9 10 11 | 11.0
Conjurations   | 2 8 |  8.8
Translocations | 4 |  4.7
Stealth        | |  1.6
Necromancy     | |  0.5

Action                   |  1- 3 |  4- 6 |  7- 9 | 10-12 | 13-15 | 16-18 | 19-21 | 22-24 | 25-27 || total
-------------------------+-------+-------+-------+-------+-------+-------+-------+-------+-------++-------
Melee: Spear             |   111 |   235 |   479 |   471 |       |       |       |       |       ||  1296
       Headbutt          |     8 |    50 |    86 |   213 |   420 |   446 |   639 |   580 |   306 ||  2748
       Punch             |     1 |       |     2 |       |       |       |       |       |       ||     3
       Trident           |       |       |       |   321 |       |       |       |       |       ||   321
       Demon trident     |       |       |       |   227 |  1595 |  2163 |  2207 |  2061 |  1035 ||  9288
Throw: Dart              |       |       |    41 |    19 |     3 |       |       |       |       ||    63
       Javelin           |       |       |     2 |       |    12 |    42 |    73 |    26 |    23 ||   178
 Cast: Statue Form       |       |       |       |       |       |       |     1 |    18 |    35 ||    54
       Passwall          |       |       |       |       |       |       |       |       |    31 ||    31
       Apportation       |       |       |       |       |       |       |       |       |    13 ||    13
       Irradiate         |       |       |       |       |       |       |       |       |    10 ||    10
Invok: Heroism           |       |       |     3 |    23 |    23 |    33 |    38 |    30 |       ||   150
       Finesse           |       |       |       |     3 |     1 |     3 |     7 |     6 |       ||    20
       Duel              |       |       |       |       |       |     2 |     2 |     6 |       ||    10
       Slouch            |       |       |       |       |       |       |       |       |     8 ||     8
       Step From Time    |       |       |       |       |       |       |       |       |     1 ||     1
Evoke: Wand              |       |     1 |     4 |     7 |       |     1 |       |       |     1 ||    14
       Condenser vane    |       |       |       |       |       |       |       |     4 |     3 ||     7
       Tin of tremorston |       |       |       |       |       |       |       |       |     1 ||     1
  Use: Scroll            |     5 |     2 |    13 |    14 |     5 |     2 |     9 |     5 |     5 ||    60
       Potion            |       |       |       |     4 |       |     5 |     4 |    16 |     7 ||    36
 Stab: Sleeping          |     4 |     1 |     4 |       |       |       |    29 |    19 |       ||    57
       Distracted        |       |       |       |     1 |     1 |       |     2 |     5 |       ||     9
       Petrified         |       |       |       |       |     2 |       |       |       |       ||     2
       Paralysed         |       |       |       |       |       |     1 |       |       |       ||     1
       Invisible         |       |       |       |       |       |       |       |     2 |     7 ||     9
Armor: Robe              |     5 |       |       |       |       |       |       |       |       ||     5
       Ring mail         |    13 |    84 |   132 |   138 |       |       |       |       |       ||   367
       Scale mail        |       |       |       |    53 |    34 |       |       |       |       ||    87
       Plate armour      |       |       |       |       |   585 |   633 |   302 |       |       ||  1520
       Troll leather arm |       |       |       |       |       |       |   255 |   221 |       ||   476
       Skin              |       |       |       |       |       |       |     4 |   236 |   214 ||   454
       Chain mail        |       |       |       |       |       |       |       |   147 |   119 ||   266
Dodge: Dodged            |    53 |    78 |   137 |   209 |   158 |   416 |   657 |   703 |   828 ||  3239
Block: Kite shield       |       |       |    36 |   639 |  1090 |  1442 |  1625 |  1486 |  1234 ||  7552
       Buckler           |       |       |    14 |       |       |       |       |       |       ||    14

Table legend: (Time is in decaauts)
 A = Elapsed time spent in this place.
 B = Non-inter-level travel time spent in this place.
 C = Inter-level travel time spent in this place.
 D = Time resting spent in this place.
 E = Time spent auto-exploring this place.
 F = Levels seen in this place.
 G = Mean time per level.
                   A        B        C        D        E       F      G
               +--------+--------+--------+--------+--------+-----+--------+
         Total |  61773 |  53762 |   8011 |    831 |  38185 |  70 |  882.5 |
       Dungeon |  17812 |  14016 |   3796 |    368 |  10428 |  15 | 1187.5 |
        Temple |    536 |    515 |     21 |    231 |    258 |   1 |  536.0 |
          Lair |   5714 |   5152 |    562 |      0 |   3860 |   6 |  952.3 |
         Swamp |   2277 |   2108 |    169 |     54 |   1504 |   4 |  569.2 |
   Spider Nest |   4649 |   4304 |    345 |      0 |   3125 |   4 | 1162.2 |
    Slime Pits |    559 |    502 |     57 |     55 |    135 |   5 |  111.8 |
  Orcish Mines |   1294 |   1054 |    240 |      0 |    684 |   2 |  647.0 |
   Elven Halls |   2652 |   2480 |    172 |      0 |   1611 |   3 |  884.0 |
        Vaults |   7344 |   6449 |    895 |      0 |   4745 |   5 | 1468.8 |
         Crypt |   4653 |   4389 |    264 |      0 |   3149 |   3 | 1551.0 |
        Depths |   5202 |   4362 |    840 |      0 |   3168 |   4 | 1300.5 |
           Zot |   7045 |   6401 |    644 |      0 |   4480 |   5 | 1409.0 |
         Trove |     49 |     49 |      0 |      0 |      8 |   1 |   49.0 |
       Ossuary |    601 |    601 |      0 |      0 |    471 |   1 |  601.0 |
    Desolation |    694 |    694 |      0 |      0 |    326 |   1 |  694.0 |
      Gauntlet |    509 |    509 |      0 |     84 |    230 |   1 |  509.0 |
         Arena |    175 |    175 |      0 |     38 |      0 |   9 |   19.4 |
               +--------+--------+--------+--------+--------+-----+--------+

Top non-repeatable levels by time:
 Crypt:3: 1914 daAuts
    D:15: 1842 daAuts
 Crypt:1: 1731 daAuts
    D:10: 1727 daAuts
Vaults:1: 1682 daAuts
   Zot:4: 1677 daAuts
   Zot:5: 1664 daAuts
Vaults:2: 1664 daAuts
Depths:1: 1655 daAuts
   Zot:3: 1534 daAuts
Vaults:5: 1427 daAuts
     D:1: 1411 daAuts
     D:7: 1396 daAuts
Spider:4: 1394 daAuts
Depths:3: 1357 daAuts
